 Dungeon Crawl Stone Soup version 0.19-a0-1686-g35356ef (webtiles) character file.

5888 MistressOfTheDunes the Nimble (level 10, 0/70 HPs)
             Began as a Mummy Monk on Sept 25, 2016.
             Slain by a troll (7 damage)
             ... on level 10 of the Dungeon.
             The game lasted 00:35:19 (18524 turns).

MistressOfTheDunes the Nimble (Mummy Monk)         Turns: 18524, Time: 00:35:19

Health: 0/70       AC:  8    Str: 15    XL:     10   Next: 52%
Magic:  10/10      EV: 20    Int: 10    God:
Gold:   168        SH:  0    Dex: 17    Spells: 0 memorised, 9 levels left

rFire  + . .     SeeInvis .       - Unarmed
rCold  . . .     Gourm    .     (no armour)
rNeg   + + +     Faith    .     (no shield)
rPois  ∞         Spirit   .     u - +1 hat {MR+}
rElec  .         Dismiss  .     z - +2 cloak {MR+}
rCorr  .         Reflect  .     e - +0 pair of gloves
MR     +++..     Harm     .     s - +1 pair of boots
Stlth  ++........               (no amulet)
                                B - ring of protection from fire
                                d - ring of fire

@: no status effects
A: no food or potions, fire vulnerability, cold resistance 1, negative energy
resistance 3, torment resistance, unbreathing
a: no special abilities


You were on level 10 of the Dungeon.
You were not hungry.

You visited 1 branch of the dungeon, and saw 10 of its levels.

You collected 530 gold pieces.
You spent 362 gold pieces at shops.


Innate Abilities, Weirdness & Mutations

You do not eat or drink.
Your flesh is vulnerable to fire.
You are immune to poison.
Your flesh is cold resistant. (rC+)
You are immune to negative energy. (rN+++)
You are immune to unholy pain and torment.
You can survive without breathing.


   Skills:
 - Level 3.0 Fighting
 - Level 10.4 Dodging
 - Level 1.5 Stealth
 + Level 9.1 Unarmed Combat


You had 9 spell levels left.
You didn't know any spells.

Inventory:

Hand Weapons
 f - a +0 hand axe {Terry}
Missiles
 m - 9 large rocks (quivered) {=f}
Armour
 c - a +1 helmet
 e - a +0 pair of gloves (worn)
 s - a +1 pair of boots (worn)
 u - a +1 hat of magic resistance (worn)
 z - a +2 cloak of magic resistance (worn)
Jewellery
 a - a +4 amulet of reflection {unknown}
 d - a ring of fire (left hand)
 j - an uncursed ring of see invisible
 o - an uncursed ring of protection from magic
 p - the amulet of Mujish {Gourm *Slow rElec MR+, unknown}

   [amulet of the gourmand]

   It allows you to eat raw meat even when not hungry.
   It insulates you from electricity.
   It affects your resistance to hostile enchantments.
   It may slow you when you take damage.
 v - an uncursed ring of positive energy
 w - an uncursed amulet of the gourmand {unknown}
 B - a ring of protection from fire (right hand)
Scrolls
 b - 4 scrolls of magic mapping
 g - 3 scrolls of enchant weapon
 h - 3 scrolls of random uselessness
 i - a scroll of noise {unknown}
 k - a scroll of immolation {unknown}
 l - a scroll of blinking
 n - 2 scrolls of remove curse
 q - 2 scrolls of fog
 r - 2 scrolls of fear
 t - a scroll of recharging
 y - a scroll of identify {@r1}
 A - a scroll of teleportation {@r4}
Comestibles
 x - 7 fruits

Dungeon Overview and Level Annotations

Branches:
Dungeon (10/15)            Temple (0/1) D:5            Lair (0/6) D:8
    Orc: D:9-12

Altars:
Hepliaklqana
Kikubaaqudgha
Makhleb
Ru
Yredelemnul

Shops:
D:5 **}   D:8 [

Annotations:
D:7 Troll, exclusions: orc priest and orc warrior
D:9 exclusion: downstairs
D:10 exclusion: hill giant, Harold

▒ .▒
▒▒▒▒..▒▒▒▒
▒.MTr.....
▒.▒▒.<▒▒▒▒
▒.▒ .▒ ▒.▒
▒ ▒.▒ ▒
▒.▒▒..▒ ▒
▒.▒▒..▒ ▒
▒.▒▒..▒ ▒
▒.▒▒..▒ ▒


You could see a troll and a quokka.


Message History

The troll is moderately wounded!
You closely miss the troll!
The troll is moderately wounded!
The troll closely misses you! x2; The troll claws you!
You squash the troll but do no damage!
You punch the troll!
The troll is moderately wounded!
The troll completely misses you! The troll misses you! The troll claws you!
You closely miss the troll!
The troll is moderately wounded!
The troll misses you! The troll barely misses you! The troll misses you!
You pulverise the troll!
The troll is moderately wounded!
The troll misses you! The troll claws you! The troll closely misses you!
You beat the troll into a bloody pulp!
The troll is heavily wounded!
You pummel the troll like a punching bag!!!
The troll is severely wounded!
The troll bites you!!!!!! * * * don't die
* * * The troll misses you! x2
You barely miss the troll!
The troll is severely wounded!
The troll misses you! The troll claws you!!! * * * don't die
* * * The troll closely misses you!
You pummel the troll like a punching bag!
Your punch misses the troll!
The troll is almost dead!
The troll bites you!!! rip

Action                   |  1- 3 |  4- 6 |  7- 9 | 10-12 || total
-------------------------+-------+-------+-------+-------++-------
Melee: Unarmed           |   175 |   289 |   781 |   261 ||  1506
       Punch             |     1 |     9 |    30 |    10 ||    50
  Use: Scroll            |       |       |    10 |     2 ||    12
 Stab: Sleeping          |     4 |     1 |     4 |       ||     9
       Distracted        |       |     1 |       |     1 ||     2
Armor: Skin              |    23 |    62 |   131 |    40 ||   256
Dodge: Dodged            |   114 |   169 |   557 |   259 ||  1099

Vault maps used:
D:1:      erik_arrival_triangle_huge, minmay_misc_feat_plants
D:2:      minitemple, uniq_jessica
D:3:      nicolae_ru_sacrificial_ziggurat, overflow_temple_1_default,
          first_bread, uniq_terence
D:4:      overflow_temple_1_default, minmay_misc_feat_ornament,
          solitary_fountain, minmay_goblin_kobold_house, uniq_blork_the_orc,
          uniq_edmund
D:5:      overflow_temple_1_default, serial_shops, shop, shop,
          nicolae_shop_waterfront, bh_walls_and_bars
D:6:      dk_yredelemnul_ordeal, uniq_crazy_yiuf_cottage
D:8:      lair_0_dummy, serial_shops, shop
D:10:     erik_orc_1, uniq_harold

Notes
Turn   | Place    | Note
-------+----------+-------------------------------------------
     0 | D:1      | MistressOfTheDunes the Mummy Monk began the quest for the Orb.
     0 | D:1      | Reached XP level 1. HP: 18/18 MP: 1/1
   159 | D:1      | Reached XP level 2. HP: 20/24 MP: 2/2
   196 | D:1      | Reached skill level 3 in Unarmed Combat
   967 | D:1      | Reached XP level 3. HP: 23/29 MP: 3/3
  2417 | D:3      | Reached skill level 4 in Unarmed Combat
  2417 | D:3      | Reached XP level 4. HP: 35/35 MP: 4/4
  2638 | D:3      | Noticed Terence
  2675 | D:3      | Killed Terence
  2862 | D:3      | Found a sacrificial altar of Ru.
  2967 | D:4      | Reached XP level 5. HP: 27/41 MP: 5/5
  3123 | D:4      | Reached skill level 5 in Unarmed Combat
  3367 | D:4      | Found a burning altar of Makhleb.
  3735 | D:4      | Noticed Edmund
  3964 | D:3      | Reached skill level 3 in Dodging
  4209 | D:3      | Found an ancient bone altar of Kikubaaqudgha.
  4392 | D:3      | Noticed a phantom
  4493 | D:3      | Killed a phantom
  4493 | D:3      | Reached XP level 6. HP: 27/47 MP: 6/6
  4860 | D:4      | Reached skill level 4 in Dodging
  5183 | D:4      | Got a warped brass amulet
  5279 | D:4      | Noticed Blork the orc
  5322 | D:5      | Entered Level 5 of the Dungeon
  5925 | D:3      | Reached XP level 7. HP: 41/52 MP: 7/7
  6278 | D:4      | Reached skill level 5 in Dodging
  7156 | D:5      | Found a staircase to the Ecumenical Temple.
  8106 | D:4      | Reached skill level 6 in Unarmed Combat
  8323 | D:5      | Found Uvidabya's Assorted Antiques.
  8342 | D:5      | Found Ysuruzirch's Assorted Antiques.
  8413 | D:5      | Reached XP level 8. HP: 54/58 MP: 8/8
  8461 | D:5      | Bought a pair of embroidered boots for 121 gold pieces
  8478 | D:5      | Bought a scroll of identify for 56 gold pieces
  8561 | D:5      | Found Plog's Gadget Emporium.
  8566 | D:5      | Reached skill level 6 in Dodging
  8782 | D:5      | Found a hazy altar of Hepliaklqana.
  9095 | D:5      | Bought a scroll labeled OXZUUPRAAPS for 28 gold pieces
  9270 | D:5      | Bought a scroll labeled FEUHEQ SAEMPOIHO for 27 gold pieces
  9270 | D:5      | Bought a scroll labeled LACYKI YFEONEI for 27 gold pieces
  9328 | D:6      | Found a runed door.
  9330 | D:6      | Found a basalt altar of Yredelemnul.
 10038 | D:6      | Found a runed door.
 10244 | D:6      | Reached skill level 7 in Unarmed Combat
 10359 | D:6      | Noticed Crazy Yiuf
 10373 | D:6      | Killed Crazy Yiuf
 11200 | D:7      | Reached skill level 8 in Unarmed Combat
 11491 | D:7      | Reached XP level 9. HP: 39/63 MP: 9/9
 11677 | D:7      | Reached skill level 7 in Dodging
 12297 | D:7      | Reached skill level 8 in Dodging
 12782 | D:2      | Killed Edmund
 12974 | D:4      | Killed Blork the orc
 13415 | D:8      | Reached skill level 9 in Dodging
 13909 | D:8      | Found a staircase to the Lair.
 14382 | D:8      | Found Luumun's Antique Armour Shoppe.
 14390 | D:8      | Bought a glowing cloak for 103 gold pieces
 15200 | D:8      | Reached XP level 10. HP: 52/70 MP: 10/10
 16338 | D:8      | Reached skill level 9 in Unarmed Combat
 17448 | D:10     | Entered Level 10 of the Dungeon
 17513 | D:9      | Reached skill level 10 in Dodging
 17535 | D:10     | Noticed a hill giant
 17747 | D:10     | Noticed Harold
 18523 | D:10     | HP: 7/70 [troll (11)]
 18524 | D:10     | Slain by a troll

Vanquished Creatures
  A centaur skeleton (D:9)
  2 hippogriffs
  3 yaks (D:8)
  A human (D:6)
  2 hungry ghosts
  Edmund (D:2)
  An ice beast (D:8)
  An orc warrior (D:8)
  2 black bears
  6 ogres
  5 phantoms
  3 sky beasts
  4 centaurs
  Blork the orc (D:4)
  3 bullfrogs
  A gnoll sergeant (D:8)
  5 scorpions
  A wyvern skeleton (D:10)
  A killer bee (D:10)
  4 howler monkeys
  5 crimson imps
  A bullfrog zombie (D:6)
  6 hounds
  Crazy Yiuf (D:6)
  A centaur zombie (D:6)
  3 jellies
  A bullfrog skeleton (D:10)
  6 orc wizards
  A gnoll shaman (D:8)
  Terence (D:3)
  5 orc priests
  An iguana (D:6)
  9 worker ants
  A hound zombie (D:5)
  2 hound skeletons
  A howler monkey skeleton (D:6)
  12 adders
  12 gnolls
  2 shadow imps
  An adder zombie (D:7)
  2 adder skeletons
  A worm (D:3)
  3 dart slugs
  3 leopard geckos
  36 orcs
  2 ball pythons
  9 bats
  2 giant cockroaches
  14 goblins
  11 hobgoblins
  17 jackals
  5 quokkas
  6 frilled lizards
  A goblin skeleton (D:6)
  5 kobolds
  A quokka skeleton (D:5)
  2 quokka zombies
  6 rats
246 creatures vanquished.
